 Dungeon Crawl Stone Soup version 0.24.0 (webtiles) character file.

Game seed: 8796339122685236440, levelgen mode: deterministic

1767 Buxparty the Poker (level 8, -1/63 HPs)
             Began as a Mummy Gladiator on Jan 23, 2020.
             Killed from afar by Dowan (17 damage)
             ... with a stone arrow
             ... on level 6 of the Dungeon.
             The game lasted 00:19:14 (7148 turns).

Buxparty the Poker (Mummy Gladiator)                Turns: 7148, Time: 00:19:15

Health: -1/63      AC: 11    Str: 19    XL:     8   Next: 80%
Magic:  8/8        EV: 11    Int:  7    God:
Gold:   209        SH:  0    Dex: 14    Spells: 7/7 levels left

rFire    . . .     SeeInvis .   a - +0 trident
rCold    + . .     Gourm    .   (no shield)
rNeg     + + +     Faith    .   q - +0 scale mail {rF+}
rPois    ∞         Spirit   .   c - +0 helmet
rElec    .         Reflect  .   f - +0 cloak
rCorr    .         Harm     .   i - +0 pair of gloves
MR       +....                  l - +0 pair of boots
Stlth    ..........             (no amulet)
HPRegen  0.20/turn              (no ring)
MPRegen  0.11/turn              (no ring)

@: no status effects
A: no food or potions, fire vulnerability, cold resistance 1, negative energy
resistance 3, torment resistance, unbreathing
a: no special abilities


You were on level 6 of the Dungeon.
You were not hungry.

You visited 1 branch of the dungeon, and saw 7 of its levels.

You collected 209 gold pieces.

Inventory:

Hand Weapons
 a - a +0 trident (weapon)
 b - a +1 hunting sling of freezing
Missiles
 d - 2 throwing nets (quivered)
 h - 26 poisoned darts
 j - 92 stones
 n - 10 sling bullets
Armour
 c - a +0 helmet (worn)
 f - a +0 cloak (worn)
 i - a +0 pair of gloves (worn)
 l - a +0 pair of boots (worn)
 q - a +0 scale mail of fire resistance (worn)
Wands
 k - a wand of digging (4)
Scrolls
 e - 2 scrolls of remove curse
 g - a scroll of magic mapping {unknown}
 m - 6 scrolls of teleportation
 o - a scroll of random uselessness {unknown}
 p - 2 scrolls of identify {unknown}
 r - a scroll of enchant weapon {unknown}


   Skills:
 + Level 5.5 Fighting
 * Level 6.6 Polearms
 + Level 3.6(3.9) Slings
 - Level 1.5(2.8) Throwing
 + Level 4.0 Armour
 - Level 2.4 Dodging


You had 7 spell levels left.
You didn't know any spells.
Your spell library was empty.

Dungeon Overview and Level Annotations

Branches:
Dungeon (7/15)             Temple (0/1) D:5

Altars:
Kikubaaqudgha
Okawaru
Ru
Sif Muna
Yredelemnul
Zin

Annotations:
D:6 Dowan


Innate Abilities, Weirdness & Mutations

You do not eat or drink.
Your flesh is vulnerable to fire.
You are immune to poison.
Your flesh is cold resistant. (rC+)
You are immune to negative energy. (rN+++)
You are immune to unholy pain and torment.
You can survive without breathing.


Message History

You hit Dowan but do no damage.
Dowan is moderately wounded.
Dowan hits you with a +4 dagger of holy wrath.
You convulse.
You puncture Dowan!
Dowan is severely wounded.
Dowan gestures at you while chanting. The shard of ice hits you!
You partially resist.
* * * LOW HITPOINT WARNING * * *
Dowan casts a spell at you. The stone arrow misses you.
You hit Dowan but do no damage.
Dowan is severely wounded.
Dowan says, "Magic will overcome all!"
Dowan barely misses you.
You barely miss Dowan.
Dowan is severely wounded.
Dowan gestures at you while chanting. The stone arrow hits you!
You die...

....# #...# ....# #...# ....#
#...# ....# ##.##
....######.#########
...................#
######.#+#######.#######.#
.................# #.#
................@#######.#
..####.........e)(....##.#
..######........(....(##.#
................(...(.##.#
......................##.#
..#####..(............##.#######
..<# .......................#
..## ....####.####.##.#######
... .......(....).##.#


You could see Dowan.

Vanquished Creatures
  Pikel (D:4)
  Edmund (D:5)
  Duvessa (D:6)
  2 sky beasts
  3 slaves (D:5)
  2 ogres (D:4)
  Blork the orc (D:4)
  2 bullfrogs
  A crimson imp (D:5)
  Crazy Yiuf (D:5)
  A jelly (D:3)
  2 bullfrog skeletons
  4 orc wizards (D:5)
  An iguana (D:6)
  4 worker ants
  A hound skeleton (D:4)
  A howler monkey zombie (D:7)
  5 adders
  A shadow imp (D:5)
  5 worms
  2 dart slugs
  4 leopard geckos
  7 orcs
  6 bats
  3 giant cockroaches
  6 hobgoblins
  11 jackals
  2 quokkas
  3 ball pythons
  7 frilled lizards
  7 goblins
  5 kobolds
  A quokka skeleton (D:4)
  3 rats
  A spectral orc (D:3)
108 creatures vanquished.

Vanquished Creatures (others)
  A fungus (D:5)
1 creature vanquished.

Grand Total: 109 creatures vanquished

Notes
Turn   | Place    | Note
-------+----------+-------------------------------------------
     0 | D:1      | Buxparty the Mummy Gladiator began the quest for the Orb.
     0 | D:1      | Reached XP level 1. HP: 16/16 MP: 1/1
   176 | D:1      | Reached XP level 2. HP: 22/22 MP: 2/2
   659 | D:2      | Reached skill level 3 in Polearms
   717 | D:2      | Reached XP level 3. HP: 12/28 MP: 3/3
  1148 | D:2      | Reached XP level 4. HP: 18/34 MP: 4/4
  1152 | D:2      | Reached skill level 1 in Armour
  2256 | D:3      | Found a basalt altar of Yredelemnul.
  2315 | D:3      | Reached XP level 5. HP: 41/41 MP: 5/5
  2325 | D:3      | Found an iron altar of Okawaru.
  2562 | D:4      | Found a glowing silver altar of Zin.
  2562 | D:4      | Found a sacrificial altar of Ru.
  2669 | D:4      | Noticed Blork the orc
  2681 | D:5      | Entered Level 5 of the Dungeon
  2681 | D:5      | Noticed Pikel
  2681 | D:5      | Noticed a slave
  2681 | D:5      | Noticed a slave
  2681 | D:5      | Noticed a sky beast
  2960 | D:4      | Killed a sky beast
  2960 | D:4      | Reached skill level 4 in Polearms
  2960 | D:4      | Reached skill level 1 in Slings
  2960 | D:4      | Reached XP level 6. HP: 8/47 MP: 6/6
  3249 | D:4      | Killed Blork the orc
  3712 | D:4      | Reached XP level 7. HP: 24/54 MP: 7/7
  4444 | D:5      | Found an ancient bone altar of Kikubaaqudgha.
  4778 | D:5      | Noticed Edmund
  4796 | D:5      | Killed Edmund
  4796 | D:5      | Reached skill level 5 in Polearms
  4881 | D:5      | Found a shimmering blue altar of Sif Muna.
  4949 | D:5      | Found a staircase to the Ecumenical Temple.
  5195 | D:5      | Found a runed translucent door.
  5196 | D:5      | Noticed Crazy Yiuf
  5202 | D:5      | Paralysed by Crazy Yiuf for 7 turns
  6064 | D:5      | Killed Crazy Yiuf
  6064 | D:5      | Reached XP level 8. HP: 35/61 MP: 8/8
  6413 | D:4      | Killed Pikel
  6413 | D:4      | Reached skill level 5 in Fighting
  6413 | D:4      | Reached skill level 6 in Polearms
  6922 | D:6      | Noticed Dowan
  6994 | D:6      | You fall into a shaft and drop 1 floor!
  7112 | D:6      | Noticed Duvessa
  7140 | D:6      | Killed Duvessa
  7148 | D:6      | Killed from afar by Dowan

Levels and vault maps discovered:
D:1:      noname_arrival_rooms_in_the_neighbourhood, layout_basic, minivault_23
D:2:      layout_basic, kennysheep_nondescript, minmay_box_of_dots
D:3:      layout_loops_cross, yredelemnul_forgotten_temple_becter,
          lemuel_crystal_altar
D:4:      layout_loops_ring, minitemple, uniq_blork_the_orc
D:5:      layout_loops_ring, kiku_gazebo_pond_becter,
          minmay_temple_entry_from_below_a, first_ration, grunt_decor_clamped,
          led_sif_book, uniq_edmund, uniq_pikel, uniq_crazy_yiuf_cottage
D:6:      layout_basic, uniq_duvessa
D:7:      layout_loops_ring, elyvilon_altar_1, the_bakery
